 Dungeon Crawl Stone Soup version 0.27.0-1-g7a089689b8 (webtiles) character file.

Game seed: 3480201920436462083

389 Snarg the Magician (level 7, -1/49 HPs)
             Began as a Djinni Wanderer on Aug 2, 2021.
             Was a Believer of Dithmenos.
             Slain by a wyvern zombie (8 damage)
             ... on level 5 of the Dungeon on Aug 4, 2021.
             The game lasted 00:22:19 (5802 turns).

Snarg the Magician (Djinni Wanderer)                Turns: 5802, Time: 00:22:20

Health: -1/49      AC:  3    Str: 17    XL:     7   Next: 7%
Gold:   236        EV: 11    Int: 12    God:    Dithmenos [**....] SH:  4 Dex: 16

rFire    + + .     SeeInvis .   a - +2 short sword (vamp)
rCold    x . .     Faith    .   o - +0 buckler
rNeg     . . .     Spirit   .   y - +1 robe of Exonaraw {Fly Str+4 Dex+2}
rPois    ∞         Reflect  .   (no helmet)
rElec    .         Harm     .   (no cloak)
rCorr    .         Rampage  .   (no gloves)
Will     .....                  (boots unavailable)
Stlth    ++........             (no amulet)
HPRegen  0.16/turn              (no ring)
MPRegen  0.00/turn              (no ring)

@: flying, wreathed by umbra
A: sickness immunity, fire resistance 2, cold vulnerability 1, float, innate
caster, hp casting, extra vitality 1
a: Renounce Religion, Shadow Step


You were on level 5 of the Dungeon.
You worshipped Dithmenos.
Dithmenos was pleased with you.
You visited 1 branch of the dungeon, and saw 5 of its levels.

You collected 236 gold pieces.

Inventory:

Hand Weapons
 a - a +2 vampiric short sword (weapon)
 b - a +0 hand crossbow
 i - a +0 short sword
 l - a +2 dagger of holy wrath
Missiles
 c - 42 bolts
 g - 67 stones
 k - 17 poisoned darts
 w - 28 arrows
Armour
 d - a +0 robe
 o - a +0 buckler (worn)
 y - the +1 robe of Exonaraw (worn) {Fly Str+4 Dex+2}
   (You found it on level 5 of the Dungeon)

   Str:       It affects your strength (+4).
   Dex:       It affects your dexterity (+2).
   Fly:       It grants you flight.
Wands
 r - a wand of flame (25)
Scrolls
 f - 3 scrolls of teleportation {unknown}
 m - 4 scrolls of identify
 n - 3 scrolls of fear
 s - 2 scrolls of enchant weapon {unknown}
 t - 2 scrolls of immolation
 z - 2 scrolls of amnesia {unknown}
Potions
 e - 2 potions of invisibility {unknown}
 h - 3 potions of curing
 j - a potion of haste {unknown}
 p - 2 potions of magic {unknown}
 q - a potion of degeneration {unknown}
 u - a potion of mutation {unknown}
 v - 3 potions of heal wounds {unknown}
 x - 3 potions of ambrosia


   Skills:
 + Level 2.7 Fighting
 + Level 1.9 Short Blades
 - Level 2.0 Crossbows
 + Level 1.0 Armour
 + Level 1.6 Dodging
 + Level 1.0 Stealth
 + Level 1.4 Shields
 * Level 4.3 Spellcasting
 * Level 1.3 Invocations
 + Level 1.1 Evocations


You couldn't memorise any spells.
You knew the following spells:

 Your Spells              Type           Power      Damage    Failure   Level
a - Magic Dart            Conj           52%        1d5       4%          1
b - Blink                 Tloc           N/A        N/A       8%          2
c - Call Imp              Summ           13%        N/A       8%          2
d - Slow                  Hex            13%        N/A       8%          2
e - Conjure Flame         Conj/Fire      13%        6-21      14%         3
f - Mephitic Cloud        Conj/Pois/Air  13%        N/A       14%         3
g - Sandblast             Erth           26%        2d8       4%          1
h - Corpse Rot            Necr/Air       N/A        N/A       8%          2
i - Searing Ray           Conj           26%        3d4       8%          2

Your spell library contained the following spells:

 Spells                   Type           Power      Damage    Failure   Level


Dungeon Overview and Level Annotations

Branches:
Dungeon (5/15)
 Temple: D:4-7

Altars:
Dithmenos
Makhleb

Annotations:
D:1 clr
D:2 clr
D:3 exclusion: 2 downstairs
D:4 Sigmund


Innate Abilities, Weirdness & Mutations

You are immune to sickness and miasma.
You are immune to poison.
Your flesh is very heat resistant. (rF++)
You are vulnerable to cold. (rC-)
You float through the air rather than walking.
You learn spells naturally, not from books.
Your magical power is your life essence.
You have superior vitality. (+4 HP)


Message History

The wyvern zombie bites you!
* * * LOW HITPOINT WARNING * * *
Your iron imp hits the wyvern zombie.
The wyvern zombie misses you.
Your iron imp hits the wyvern zombie.
You feel better.
Your iron imp hits the wyvern zombie but does no damage.
The wyvern zombie bites you.
* * * LOW HITPOINT WARNING * * *
The wyvern zombie barely misses you.
Your iron imp barely misses the wyvern zombie.
Casting: Call Imp (safe; 8% risk of failure)
Confirm with . or Enter, or press ? or * to list all spells.
Aiming: Slow (safe; 8% risk of failure)
Press: ? - help, Shift-Dir - straight line, f/p - wyvern zombie
Aim: a wyvern zombie (heavily damaged, ally target, umbra, chance to affect: 62%)
Okay, then.
Unknown command.
Casting: Slow (safe; 8% risk of failure)
Confirm with . or Enter, or press ? or * to list all spells.
Okay, then.
Unknown command.
Okay, then.
Unknown command.
Unknown command.
Okay, then.
Unknown command.
Okay, then.
Unknown command.
Okay, then.
Unknown command.
Unknown command.
You can't see any enemies this would affect, really read the scroll of fear?
Okay, then.
Unknown command.
As you read the scroll labelled WOUPPU LEDENT, it crumbles to dust.
It is a scroll of identify.
x - 3 potions of ambrosia You block the wyvern zombie's attack.
The wyvern zombie bites you!
You die...

# ##. #.#.. #.... ...#.##
##### ....## #...# . #
#..###...# .
....#.#####.5.5....# .
#.........####Z..# .#
###.#####.# #@..####.# #
#.# ##..#.#..#
#..#####.#...#
#...<......#
####.#....#####
#..........# .
#######..###...#.#..
.#####.........####......
..........####......^.....


You could see a wyvern zombie.

Vanquished Creatures
  An ogre (D:5)
  A phantom (D:4)
  A gnoll shaman (D:3)
  A scorpion zombie (D:5)
  5 gnolls
  4 adders
  An adder skeleton (D:4)
  A worm (D:2)
  6 dart slugs
  3 orcs
  16 ball pythons
  6 bats
  6 endoplasms
  3 giant cockroaches
  6 goblins
  7 hobgoblins
  3 jackals (D:3)
  3 quokkas
  2 frilled lizards
  4 kobolds
  6 rats
86 creatures vanquished.

Vanquished Creatures (collateral kills)
  A shadow imp (D:4)
  2 orcs (D:3)
3 creatures vanquished.

Vanquished Creatures (others)
  5 plants (D:1)
5 creatures vanquished.

Grand Total: 94 creatures vanquished

Notes
Turn   | Place    | Note
-------+----------+-------------------------------------------
     0 | D:1      | Snarg the Djinni Wanderer began the quest for the Orb.
     0 | D:1      | Reached XP level 1. HP: 18/18 MP: 0/0
    38 | D:1      | Found a faded altar of an unknown god.
    61 | D:1      | Reached XP level 2. HP: 20/23 MP: 0/0
   372 | D:1      | Became a worshipper of Dithmenos the Shadowed
   372 | D:1      | Reached * piety under Dithmenos
   751 | D:1      | Reached XP level 3. HP: 26/28 MP: 0/0
   751 | D:1      | Learned a level 1 spell: Sandblast
  1103 | D:1      | Reached skill level 3 in Spellcasting
  1422 | D:2      | Reached skill level 1 in Short Blades
  1469 | D:2      | Reached XP level 4. HP: 30/34 MP: 0/0
  2114 | D:2      | Reached ** piety under Dithmenos
  2650 | D:3      | Found a burning altar of Makhleb.
  3312 | D:3      | Reached skill level 1 in Dodging
  3312 | D:3      | Reached XP level 5. HP: 39/39 MP: 0/0
  3312 | D:3      | Learned a level 2 spell: Corpse Rot
  3445 | D:4      | Noticed Sigmund
  4769 | D:4      | Reached XP level 6. HP: 45/45 MP: 0/0
  5026 | D:5      | Entered Level 5 of the Dungeon
  5038 | D:5      | Identified the +1 robe of Exonaraw {Fly Str+4 Dex+2}
  5038 | D:5      | Noticed an ogre
  5222 | D:4      | Reached skill level 4 in Spellcasting
  5222 | D:4      | Reached skill level 1 in Invocations
  5622 | D:5      | Killed an ogre
  5623 | D:5      | Reached skill level 1 in Stealth
  5623 | D:5      | Reached XP level 7. HP: 35/49 MP: 0/0
  5623 | D:5      | Learned a level 2 spell: Searing Ray
  5802 | D:5      | Slain by a wyvern zombie

Illustrated notes

Levels and vault maps discovered:
D:1:      mrwooster_arrival_arrow, layout_rooms,
          hellmonk_ecumenical_altar_run_dry, serial_forest,
          infiniplex_forest_diagonal, infiniplex_forest_pool,
          infiniplex_forest_lined_1, infiniplex_forest_clump_diagonal,
          infiniplex_forest_fountain, infiniplex_forest_clump_curved,
          infiniplex_forest_split, minmay_hexomino_p4
D:2:      layout_basic
D:3:      layout_loops_cross, lemuel_doored_altar
D:4:      layout_cave_pools, uniq_sigmund
D:5:      layout_rooms, general_overflow_altar

Skill      XL: |  1  2  3  4  5  6 |
---------------+-------------------+-----
Crossbows      | 2 |  2.0
Spellcasting   | 3 4 |  4.3
Short Blades   | 1 |  1.9
Dodging        | 1 |  1.6
Invocations    | 1 |  1.3
Stealth        | 1 |  1.0
Fighting       | |  2.7
Armour         | |  1.0
Shields        | |  1.4
Evocations     | |  1.1

Action                   |  1- 3 |  4- 6 |  7- 9 || total
-------------------------+-------+-------+-------++-------
Melee: Unarmed           |     2 |       |       ||     2
       Short sword       |    54 |   112 |     3 ||   169
 Fire: Hand crossbow     |    16 |       |       ||    16
Throw: Dart              |       |     2 |       ||     2
 Cast: Magic Dart        |    24 |    91 |     1 ||   116
       Sandblast         |       |     3 |       ||     3
       Mephitic Cloud    |       |     5 |       ||     5
       Blink             |       |     3 |       ||     3
       Call Imp          |       |    10 |     2 ||    12
       Slow              |       |     1 |       ||     1
  Use: Scroll            |       |     2 |     1 ||     3
       Potion            |       |       |     1 ||     1
 Stab: Sleeping          |       |     2 |       ||     2
       Confused          |       |     1 |       ||     1
       Distracted        |       |     2 |       ||     2
Armor: Robe              |    14 |    21 |     1 ||    36
Dodge: Dodged            |    55 |   103 |     4 ||   162
Block: Buckler           |       |    27 |     2 ||    29
